 Dungeon Crawl Stone Soup version 0.31-a0-1074-g0b22e4e0f1 (webtiles) character file.

Game seed: 10446766388290205369

44 grandjackal the Trooper (level 3, 0/37 HPs)
             Began as an Ogre Warper on Nov 29, 2023.
             Succumbed to an adder's poison
             ... on level 2 of the Dungeon.
             The game lasted 00:01:32 (1093 turns).

grandjackal the Trooper (Ogre Warper)               Turns: 1093, Time: 00:01:32

Health: 0/37       AC:  3    Str: 15    XL:     3   Next: 62%
Magic:  7/7        EV:  9    Int: 16    God:
Gold:   47         SH:  0    Dex:  8    Spells: 6/8 levels left

rFire   . . .        e - +2 whip (vamp)
rCold   . . .        (no shield)
rNeg    . . .        b - +0 robe
rPois   .            (helmet restricted)
rElec   .            (no cloak)
rCorr   .            (gloves unavailable)
SInv    .            (boots unavailable)
Will    .....        (no amulet)
Stlth   +            (no ring)
HPRegen 0.26/turn    (no ring)
MPRegen 0.10/turn

%: no passive effects
@: lethally poisoned (0 -> -1)
A: large, unfitting armour, tough skin 1
a: no special abilities


You were on level 2 of the Dungeon.
You visited 1 branch of the dungeon, and saw 2 of its levels.

You collected 47 gold pieces.

Inventory:

Hand Weapons
 a - a +0 mace
 e - a +2 vampiric whip (weapon)
 j - a +0 mace of holy wrath
Missiles
 d - 7 darts of dispersal (quivered)
Armour
 b - a +0 robe (worn)
Jewellery
 f - a +5 ring of evasion
Scrolls
 c - a scroll of blinking
 g - a scroll of brand weapon {unknown}
 h - a scroll of noise {unknown}
Potions
 i - a potion of degeneration {unknown}
 k - a potion of enlightenment {unknown}


   Skills:
 + Level 3.5 Fighting
 - Level 2.1 Maces & Flails
 - Level 1.0 Throwing
 - Level 2.1 Dodging
 + Level 3.1 Spellcasting
 + Level 3.1 Translocations


You had 6 spell levels left.
You knew the following spells:

 Your Spells              Type           Power      Damage    Failure   Level
a - Blink                 Tloc           24%        N/A       8%          2

Your spell library contained the following spells:

 Spells                   Type           Power      Damage    Failure   Level
 Lesser Beckoning         Tloc           24%        N/A       8%          2
 Teleport Other           Tloc           12%        N/A       16%         3
 Manifold Assault         Tloc           12%        N/A       45%         4
 Ozocubu's Armour         Ice            2%         N/A       50%         3
 Vhi's Electric Charge    Tloc/Air       14%        N/A       67%         4
 Ozocubu's Refrigeration  Ice            1%         4d7       100%        7


Dungeon Overview and Level Annotations

Branches:
Dungeon (2/15)

Altars:
Dithmenos


Innate Abilities, Weirdness & Mutations

You are too large for most types of armour.
You have tough skin. (AC +1)


Message History

You feel sick. The rat completely misses you. The adder barely misses you.
You hit the adder.
You feel better.
The adder is almost dead.
You feel sick. The adder bites you. The rat misses you.
The adder bites you but does no damage.
You closely miss the adder.
The adder is almost dead.
You feel sick. The rat bites you. The adder bites you but does no damage.
You barely miss the adder.
The adder is almost dead.
You feel sick.
You are no longer poisoned.
The rat completely misses you. The adder bites you.
You are too injured to fight recklessly!
You are too injured to fight recklessly!
You are too injured to fight recklessly!
You are too injured to fight recklessly!
You are too injured to fight recklessly!
You closely miss the adder.
The adder is almost dead.
The adder bites you. The rat closely misses you. The adder bites you.
You are poisoned.
The adder poisons you!
You closely miss the adder.
The adder is almost dead.
You feel sick. The rat barely misses you. The adder bites you.
You closely miss the adder.
The adder is almost dead.
You feel sick. The rat bites you.
* * * LOW HITPOINT WARNING * * *
The adder barely misses you.
You closely miss the adder.
The adder is almost dead.
You feel sick. The adder bites you.
* * * LOW HITPOINT WARNING * * *
The rat bites you.
* * * LOW HITPOINT WARNING * * *
You completely miss the adder.
The adder is almost dead.
You die...

....#####...
...........#.... ...# ..
##.............. .#!#.>.
.†..............#.#.#...
####...##...$............
####....##...##.....#....
.....................(...
#...............Sr.......
#.).............@....$...
#.....................#.
#.....................#
...........##.........#.
.).......#..#...)........
.........#......).....##.
.........#.##.....<...#
..#...<..#.##.........#
#####......##....>....#


You could see an adder and a rat.

Vanquished Creatures
  An adder (D:2)
  A dart slug (D:1)
  2 ball pythons
  2 bats
  2 endoplasms
  A giant cockroach (D:2)
  8 goblins
  3 hobgoblins (D:1)
  2 frilled lizards (D:1)
  4 kobolds
  5 rats
31 creatures vanquished.

Notes
Turn   | Place    | Note
-------+----------+-------------------------------------------
     0 | D:1      | grandjackal the Ogre Warper began the quest for the Orb.
     0 | D:1      | Reached XP level 1. HP: 22/22 MP: 3/3
   100 | D:1      | Reached XP level 2. HP: 29/29 MP: 5/5
   242 | D:1      | Learned a level 2 spell: Blink
   807 | D:2      | Reached XP level 3. HP: 37/37 MP: 7/7
   944 | D:2      | Found a shadowy altar of Dithmenos.
  1092 | D:2      | HP: 1/37 [rat (2)]
  1093 | D:2      | Succumbed to an adder's poison

Illustrated notes

Levels and vault maps discovered:
D:1:      amcnicky_arrival_double_pillar, layout_loops_cross
D:2:      layout_rooms, basic_altar

Skill      XL: |  1  2  3 |
---------------+----------+-----
Fighting       | 3 |  3.5
Maces & Flails | 2 |  2.1
Translocations | 3 |  3.1
Spellcasting   | 3 |  3.1
Throwing       | |  1.0
Dodging        | |  2.1

Action                     || total
---------------------------++-------
  Melee: Mace              ||    21
         Whip              ||   108
 Armour: Robe              ||   103
  Dodge: Dodged            ||    73

Table legend: (Time is in decaauts)
 A = Elapsed time spent in this place.
 B = Non-inter-level travel time spent in this place.
 C = Inter-level travel time spent in this place.
 D = Time resting spent in this place.
 E = Time spent auto-exploring this place.
 F = Levels seen in this place.
 G = Mean time per level.
                   A        B        C        D        E       F      G
               +--------+--------+--------+--------+--------+-----+--------+
         Total |   1098 |   1059 |     39 |    142 |    614 |   2 |  549.0 |
       Dungeon |   1098 |   1059 |     39 |    142 |    614 |   2 |  549.0 |
               +--------+--------+--------+--------+--------+-----+--------+

Top non-repeatable levels by time:
     D:1: 777 daAuts
     D:2: 320 daAuts
